 Dungeon Crawl Stone Soup version 0.19-a0-1568-gdd01aac (webtiles) character file.

7774 dvd the Tainter (level 11, -1/61 HPs)
             Began as an Octopode Venom Mage on Sept 15, 2016.
             Was an Elder of Hepliaklqana.
             Slain by a shadow (29 damage)
             ... on level 11 of the Dungeon.
             The game lasted 00:43:37 (12675 turns).

dvd the Tainter (Octopode Venom Mage)              Turns: 12675, Time: 00:43:38

Health: -1/61      AC:  1    Str: 18    XL:     11   Next: 20%
Magic:  18/24      EV: 15    Int: 22    God:    Hepliaklqana [****..]
Gold:   668        SH:  0    Dex: 14    Spells: 3 memorised, 18 levels left

rFire  . . .     SeeInvis .     a - +4 dagger (venom)
rCold  . . .     Gourm    .     (no shield)
rNeg   . . .     Faith    .     (helmet restricted)
rPois  .         Spirit   .     B - amulet of regeneration
rElec  .         Dismiss  .     o - +4 ring of strength
rCorr  .         Reflect  .     e - +2 ring of dexterity
MR     .....     Harm     .     (no ring)
Stlth  ++++++....               (no ring)
                                (no ring)
                                (no ring)
                                (no ring)
                                (no ring)

@: mighty
A: almost no armour, stealthy swim, amphibious, 8 rings, constrict 8, reduced
essence, camouflage 1, strong 1, gelatinous body 1
a: Recall Ancestor, Ancestor Identity, Transference, Idealise, Renounce Religion


You were on level 11 of the Dungeon.
You worshipped Hepliaklqana.
Hepliaklqana was greatly pleased with you.
You were not hungry.

You visited 2 branches of the dungeon, and saw 12 of its levels.
You also visited: Ossuary.

You collected 668 gold pieces.

Inventory:

Hand Weapons
 a - a +4 dagger of venom (weapon)
 k - a +2 falchion of slicing
 q - a +0 morningstar
 s - a +0 long sword of electrocution
 w - a +3 quarterstaff of chaos
 F - a +4 battleaxe of electrocution
Magical Staves
 u - an uncursed staff of earth
Jewellery
 e - a +2 ring of dexterity (right tentacle)
 o - a +4 ring of strength (left tentacle)
 B - an amulet of regeneration (around mantle)
Wands
 D - a wand of teleportation (6/9)
 G - a wand of iceblast (7/15)
Scrolls
 g - a scroll of enchant weapon
 h - a scroll of enchant armour
 i - 6 scrolls of identify
 j - 4 scrolls of remove curse
 n - 3 scrolls of fear
 t - a scroll of amnesia
 y - 2 scrolls of teleportation
Potions
 l - 3 potions of agility
 m - 2 potions of ambrosia
 p - 5 potions of brilliance
 r - 5 potions of curing
 v - 3 potions of flight
 z - 2 potions of haste
 E - a potion of invisibility
Books
 c - a Young Poisoner's Handbook

   Spells                             Type                      Level
   a - Sting                          Conjuration/Poison           1
   b - Mephitic Cloud                 Conjuration/Poison/Air       3
   c - Olgreb's Toxic Radiance        Poison                       4
   d - Alistair's Intoxication        Transmutation/Poison         5
   e - Venom Bolt                     Conjuration/Poison           5
 d - a Grand Grimoire

   Spells                             Type                      Level
   a - Monstrous Menagerie            Summoning                    7
   b - Summon Greater Demon           Summoning                    7
   c - Malign Gateway                 Summoning/Translocation      7
   d - Summon Horrible Things         Summoning                    8
Comestibles
 b - 5 bread rations
 f - 8 meat rations
 x - 6 fruits
 A - a beef jerky
 H - 5 chunks of flesh


   Skills:
 + Level 3.7 Fighting
 + Level 5.2 Short Blades
 + Level 0.2 Axes
 + Level 3.8 Dodging
 + Level 8.9 Stealth
 + Level 9.3 Spellcasting
 + Level 3.7 Conjurations
 + Level 11.8 Poison Magic


You had 18 spell levels left.
You knew the following spells:

 Your Spells              Type           Power        Failure   Level  Hunger
a - Sting                 Conj/Pois      ####         1%          1    None
b - Olgreb's Toxic Radia  Pois           ######..     1%          4    ##.....
c - Venom Bolt            Conj/Pois      #####.....   10%         5    ####...


Dungeon Overview and Level Annotations

Branches:
Dungeon (11/15)            Temple (1/1) D:4
   Lair: D:8-11         Orc: D:9-12

Altars:
Ashenzari
Cheibriados
Dithmenos
Elyvilon
Fedhas
Gozag
Hepliaklqana
Kikubaaqudgha
Makhleb
Nemelex Xobeh
Okawaru
Qazlal
Ru
Sif Muna
Trog
Uskayaw
Vehumet
Xom
Yredelemnul
Zin
The Shining One

Shops:
D:7 *

Annotations:
D:9 exclusions: ice statue and orange crystal statue, dvd's ghost, novice DsTm


Innate Abilities, Weirdness & Mutations

You cannot wear most types of armour.
You are very stealthy in the water.
You are amphibious.
You can wear up to eight rings at the same time.
You can use your tentacles to constrict eight enemies at once.
Your skin changes colour to match your surroundings (Stealth+).
Your rubbery body absorbs attacks. (AC +1, EV +1)
Your life essence is reduced. (-10% HP)
Your muscles are strong. (Str +2)


Message History

Appia closely misses something.
The shadow strikes at you from the darkness!
Reactivating autopickup.
You barely miss the shadow. You squeeze the shadow.
The shadow is moderately damaged.
Appia hits the shadow but does no damage.
Unknown command.
You feel better. The shadow hits you.
Appia barely misses the shadow.
Unknown command.
Wield which item (- for none, * to show all)? (? for menu, Esc to quit)
Okay, then.
Unknown command.
You feel very mighty all of a sudden.
The shadow slips into darkness.
The shadow flickers and vanishes!
Deactivating autopickup; reactivate with Ctrl-A.
Unknown command.
You miss something.
The shadow strikes at you from the darkness!
You die...

###### ##.....##
##.......##
#.........#
#.........#
#.........# #
#.........####...#
#........@<......#
#..†<..R{####...#
#...†.....# .
#.........#
#.........#
#.........#
#..........
##....[...##
........##


You could see the friendly Appia the knight.

Vanquished Creatures
  Harold (D:10)
  3 trolls
  2 two-headed ogres
  Prince Ribbit (D:8)
  The ghost of PeterLawrence the Cudgeler, an amateur MiFi of Okawaru (D:3)
  Menkaure (D:4)
  2 water moccasins
  3 orc warriors
  A phantom (D:10)
  An ice beast (D:10)
  3 sky beasts
  5 ogres
  2 centaurs
  2 wolves (D:8)
  Blork the orc (D:5)
  3 bullfrogs
  A gnoll sergeant (D:4)
  5 scorpions
  A water moccasin skeleton (D:10)
  A crimson imp (D:10)
  A gnoll shaman (D:4)
  An orc priest (D:6)
  3 orc wizards
  Crazy Yiuf (D:4)
  A bullfrog skeleton (D:6)
  6 hounds
  2 centaur skeletons
  4 iguanas
  7 worker ants
  2 big kobold zombies (Ossuary)
  A hound skeleton (D:4)
  2 mummies (Ossuary)
  Robin (D:3)
  10 adders
  29 gnolls
  2 shadow imps
  An ooze (D:1)
  4 adder zombies (Ossuary)
  2 adder skeletons
  2 worms
  A dart slug (D:1)
  3 leopard geckos (D:2)
  20 orcs
  5 ball pythons
  10 bats
  2 gnoll zombies (Ossuary)
  17 goblins
  7 hobgoblins
  29 jackals
  2 quokkas
  8 frilled lizards
  11 giant cockroaches
  7 hobgoblin zombies (Ossuary)
  A jackal skeleton (D:5)
  5 kobolds
  6 kobold zombies (Ossuary)
  A leopard gecko skeleton (D:6)
  2 orc zombies (Ossuary)
  10 rats
269 creatures vanquished.

Vanquished Creatures (collateral kills)
  A hill giant (D:9)
  Pikel (D:7)
  A hippogriff (D:9)
  Grum (D:8)
  An orc warrior (D:8)
  A sky beast (D:8)
  A wolf (D:8)
  A crocodile (D:9)
  A bullfrog (D:10)
  A hound (D:8)
  2 bullfrog skeletons
  A centaur skeleton (D:6)
  2 jellies (D:8)
  A big kobold zombie (Ossuary)
  A worker ant zombie (D:8)
  5 gnolls
  A shadow imp (D:6)
  An adder zombie (Ossuary)
  An orc (D:7)
  A gnoll zombie (Ossuary)
  4 jackals
  A hobgoblin zombie (Ossuary)
  A jackal skeleton (D:7)
  A kobold zombie (Ossuary)
  A leopard gecko zombie (D:7)
  An orc zombie (Ossuary)
35 creatures vanquished.

Vanquished Creatures (others)
  A knight (D:9)
  A hound skeleton (D:7)
  2 ancestors (D:4)
  A quokka skeleton (D:7)
5 creatures vanquished.

Grand Total: 309 creatures vanquished

Notes
Turn   | Place    | Note
-------+----------+-------------------------------------------
     0 | D:1      | dvd the Octopode Venom Mage began the quest for the Orb.
     0 | D:1      | Reached XP level 1. HP: 11/11 MP: 3/3
   107 | D:1      | Reached skill level 5 in Poison Magic
   435 | D:1      | Reached XP level 2. HP: 17/17 MP: 1/5
   941 | D:1      | Reached XP level 3. HP: 15/21 MP: 6/6
  1123 | D:1      | Reached skill level 1 in Conjurations
  1565 | D:2      | Reached XP level 4. HP: 27/27 MP: 4/8
  1576 | D:2      | Learned a level 4 spell: Olgreb's Toxic Radiance
  1840 | D:3      | Noticed PeterLawrence's ghost (amateur MiFi)
  1879 | D:3      | Noticed Robin
  2197 | D:3      | Killed Robin
  2209 | D:3      | Reached XP level 5. HP: 32/32 MP: 1/9
  2622 | D:3      | Found a faded altar of an unknown god.
  2797 | D:3      | Reached skill level 6 in Poison Magic
  3248 | D:4      | Reached XP level 6. HP: 37/37 MP: 11/11
  3443 | D:4      | Found a bloodstained altar of Trog.
  3529 | D:4      | Reached skill level 1 in Short Blades
  3728 | D:4      | Noticed Menkaure
  3829 | D:4      | Found a staircase to the Ecumenical Temple.
  3844 | Temple   | Entered the Ecumenical Temple
  4060 | Temple   | Became a worshipper of Hepliaklqana
  4165 | D:4      | Found a stormy altar of Qazlal.
  4302 | D:4      | Reached XP level 7. HP: 37/37 MP: 7/12
  4413 | D:4      | Reached skill level 1 in Fighting
  4627 | D:4      | Reached skill level 7 in Poison Magic
  5311 | D:4      | Killed Menkaure
  5339 | D:4      | Reached XP level 8. HP: 43/43 MP: 10/15
  5347 | D:4      | Reached skill level 8 in Poison Magic
  5392 | D:4      | Reached skill level 5 in Spellcasting
  5631 | D:4      | Found a runed door.
  5635 | D:4      | Noticed Crazy Yiuf
  5641 | D:4      | Killed Crazy Yiuf
  5760 | D:5      | Entered Level 5 of the Dungeon
  5781 | D:5      | Reached * piety under Hepliaklqana
  6106 | D:5      | Learned a level 5 spell: Venom Bolt
  6389 | D:5      | Noticed Blork the orc
  6401 | D:5      | Killed Blork the orc
  6684 | D:5      | Found a deep blue altar of Sif Muna.
  6795 | D:6      | Found a sand-covered staircase.
  6819 | Ossuary  | Entered an ossuary
  6927 | Ossuary  | Reached skill level 5 in Stealth
  7099 | Ossuary  | Reached skill level 9 in Poison Magic
  7598 | D:6      | Reached ** piety under Hepliaklqana
  7696 | D:6      | Reached XP level 9. HP: 34/49 MP: 8/17
  8518 | D:7      | Noticed Pikel
  8531 | D:7      | Remembered your ancestor Appia as a knight
  8536 | D:7      | Killed Pikel
  8886 | D:7      | Found Qysetekupt's Serpentskin Sales.
  8888 | D:7      | Reached skill level 10 in Poison Magic
  9201 | D:7      | Reached *** piety under Hepliaklqana
  9367 | D:7      | Found a deep blue altar of Sif Muna.
  9567 | D:8      | Reached XP level 10. HP: 43/56 MP: 15/20
  9569 | D:8      | Noticed Grum
  9581 | D:8      | Killed Grum
  9877 | D:8      | Noticed Prince Ribbit
  9884 | D:8      | Killed Prince Ribbit
 10423 | D:9      | Noticed dvd's ghost (novice DsTm)
 10431 | D:9      | Reached skill level 11 in Poison Magic
 10871 | D:9      | Found a white marble altar of Elyvilon.
 10884 | D:9      | Noticed an ice statue
 11148 | D:9      | Noticed a hill giant
 11155 | D:9      | Killed a hill giant
 11155 | D:9      | Reached skill level 5 in Short Blades
 11478 | D:9      | Noticed an orange crystal statue
 11874 | D:3      | Killed PeterLawrence's ghost
 12044 | D:10     | Entered Level 10 of the Dungeon
 12099 | D:10     | Reached **** piety under Hepliaklqana
 12145 | D:10     | Gained mutation: Your muscles are strong. (Str +2) [potion of beneficial mutation]
 12183 | D:10     | Reached XP level 11. HP: 61/61 MP: 22/24
 12205 | D:10     | Noticed Harold
 12220 | D:10     | Killed Harold
 12675 | D:11     | Slain by a shadow

Vault maps used:
D:1:      minmay_arrival_radiant_lines, minmay_pentomino_x2
D:3:      minmay_roachtagon, ecumenical_altar_1, hex_large, uniq_robin
D:4:      lemuel_castle_with_subvaults, lemuel_doored_altar,
          kennysheep_mini_moat, first_bread, uniq_menkaure,
          uniq_crazy_yiuf_cottage
D:5:      tgw_sif
D:6:      nicolae_ossuary_entry_ruins
D:7:      lemuel_round_altar, guppyfry_shop_venom, uniq_pikel
D:8:      uniq_grum, uniq_prince_ribbit1
D:9:      minmay_separated_statues, orc_0_dummy, hangedman_little_slice_of_home,
          elyvilon_altar_4
D:10:     uniq_harold
D:11:     lair_0_dummy
Temple:   eino_narrow_crystal_temple
Ossuary:  ossuary_tomb_2

Skill      XL: |  1  2  3  4  5  6  7  8  9 10 |
---------------+-------------------------------+-----
Poison Magic   | 5 6 7 9 10 11 | 11.8
Stealth        | 3 4 5 7 8 |  8.9
Conjurations   | 1 2 3 |  3.7
Spellcasting   | 3 4 5 7 9 |  9.3
Short Blades   | 1 2 3 4 5 |  5.2
Fighting       | 1 2 3 |  3.7
Dodging        | 3 |  3.8
Axes           | |  0.2

Action                   |  1- 3 |  4- 6 |  7- 9 | 10-12 || total
-------------------------+-------+-------+-------+-------++-------
Melee: Unarmed           |     6 |       |       |       ||     6
       Constrict         |    11 |    17 |    54 |    11 ||    93
       Tentacles         |    10 |    13 |    28 |    13 ||    64
       Hand axe          |    24 |       |       |       ||    24
       Dagger            |     6 |    63 |   168 |    80 ||   317
       Quarterstaff      |       |       |     2 |       ||     2
 Cast: Sting             |    50 |    32 |    46 |    24 ||   152
       Olgreb's Toxic Ra |       |    12 |    42 |    28 ||    82
       Venom Bolt        |       |       |     1 |     7 ||     8
Invok: Ancestor Identity |       |       |     1 |       ||     1
       Ancestor Life: Kn |       |       |     1 |       ||     1
       Recall Ancestor   |       |       |       |     6 ||     6
  Use: Scroll            |     1 |     3 |     9 |     4 ||    17
       Potion            |       |       |     9 |     4 ||    13
 Stab: Sleeping          |     5 |     3 |    17 |     8 ||    33
       Distracted        |       |       |     1 |     2 ||     3
  Eat: Chunk             |     2 |    11 |    14 |    12 ||    39
       Bread ration      |       |       |     1 |       ||     1
       Meat ration       |       |       |     1 |       ||     1
       Beef jerky        |       |       |       |     1 ||     1
Armor: Skin              |     7 |     4 |     3 |       ||    14
Dodge: Dodged            |    26 |    20 |    85 |    35 ||   166
